 Dungeon Crawl Stone Soup version 0.20.1-1-g8b1a95d (webtiles) character file.

2658 Zhenya24pyc the Cleaver (level 9, -3/70 HPs)
             Began as a Minotaur Berserker on Oct 2, 2017.
             Was a High Priest of Trog.
             Slain by a sky beast (4 damage)
             ... on level 7 of the Dungeon.
             The game lasted 00:10:51 (5954 turns).

Zhenya24pyc the Cleaver (Minotaur Berserker)        Turns: 5954, Time: 00:10:52

Health: -3/70      AC:  7    Str: 24    XL:     9   Next: 36%
Magic:  8/8        EV: 10    Int:  4    God:    Trog [*****.]
Gold:   347        SH:  0    Dex: 11    Spells: 8/8 levels left

rFire    . . .     SeeInvis .   K - +0 war axe
rCold    + . .     Gourm    +   (no shield)
rNeg     . . .     Faith    .   l - +0 scale mail
rPois    .         Spirit   .   (helmet restricted)
rElec    .         Reflect  .   (no cloak)
rCorr    .         Harm     .   J - +0 pair of gloves
MR       .....                  (no boots)
Stlth    ..........             i - amulet of the gourmand
Regen    0.3/turn               t - ring of loudness (curse)
MPRegen  0.2/turn               N - ring of protection from cold

@: drained
A: retaliatory headbutt, horns 2
a: Berserk, Trog's Hand, Brothers in Arms, Burn Spellbooks, Renounce Religion


You were on level 7 of the Dungeon.
You worshipped Trog.
Trog was extremely pleased with you.
You were completely stuffed.

You visited 1 branch of the dungeon, and saw 7 of its levels.

You collected 347 gold pieces.

Inventory:

Hand Weapons
 a - a +0 hand axe
 K - a +0 war axe (weapon)
Armour
 l - a +0 scale mail (worn)
 J - a +0 pair of gloves (worn)
Jewellery
 i - an amulet of the gourmand (around neck)
 t - a cursed ring of loudness (left hand)
 N - a ring of protection from cold (right hand)
Wands
 o - a wand of iceblast (9/15)
 x - a wand of flame (30/48)
 z - a wand of scattershot (7/9)
 A - a wand of acid (10/15)
 E - a wand of acid (13/15)
 G - a wand of confusion (20/48)
 H - a wand of lightning (5/15)
Scrolls
 e - 5 scrolls of identify {unknown}
 f - a scroll of recharging {unknown}
 g - a scroll of magic mapping {unknown}
 h - 4 scrolls of teleportation {unknown}
 j - 2 scrolls of random uselessness {unknown}
 m - 4 scrolls of remove curse {unknown}
 p - a scroll of immolation {unknown}
 q - 2 scrolls of enchant weapon {unknown}
 r - 2 scrolls of enchant armour {unknown}
 u - 2 scrolls of fog {unknown}
 v - 2 scrolls of amnesia {unknown}
 D - a scroll of torment {unknown}
 L - a scroll of fear {unknown}
 M - 2 scrolls of blinking {unknown}
Potions
 k - 5 potions of mutation {unknown}
 n - 2 potions of brilliance {unknown}
 s - 2 potions of cancellation {unknown}
 w - a potion of agility {unknown}
 C - a potion of might {unknown}
 F - a potion of lignification {unknown}
 I - a potion of invisibility {unknown}
 O - 2 potions of magic {unknown}
 Q - a potion of curing {unknown}
Books
 y - a book of Necromancy

   Spells                             Type                      Level
   a - Pain                           Necromancy                   1
   b - Animate Skeleton               Necromancy                   1
   c - Vampiric Draining              Necromancy                   3
   d - Regeneration                   Charms/Necromancy            3
   e - Animate Dead                   Necromancy                   4
   f - Control Undead                 Necromancy                   4
   Trog disapproves of the use of such an item.
 P - a book of Frost

   Spells                             Type                      Level
   a - Freeze                         Ice                          1
   b - Throw Frost                    Conjuration/Ice              2
   c - Ozocubu's Armour               Charms/Ice                   3
   d - Throw Icicle                   Conjuration/Ice              4
   e - Summon Ice Beast               Ice/Summoning                4
   Trog disapproves of the use of such an item.
Comestibles
 b - a royal jelly
 c - 4 bread rations
 d - 2 meat rations
 B - a fruit


   Skills:
 - Level 3.6(2.6) Fighting
 + Level 14.8(13.6) Axes
 - Level 2.4(1.5) Armour
 - Level 2.1(1.2) Dodging


You had 8 spell levels left.
You didn't know any spells.

Dungeon Overview and Level Annotations

Branches:
Dungeon (7/15)             Temple (0/1) D:5

Altars:
Dithmenos
Fedhas
Trog
Uskayaw
Zin

Shops:
D:6 =   D:7 [

Annotations:
D:5 1 runed door


Innate Abilities, Weirdness & Mutations

You reflexively headbutt those who attack you in melee.
You have a pair of horns on your head.


Message History

Deactivating autopickup; reactivate with Ctrl-A.
Your scale mail prevents you from hitting something.
You headbutt something! Something hits you but does no damage.
You hit something but do no damage. Something hits you but does no damage.
Unknown command.
You slash something! You miss something. Your headbutt misses something.
Something hits you.
* * * LOW HITPOINT WARNING * * *
Something shocks you.
* * * LOW HITPOINT WARNING * * *
You miss something. Something hits you.
* * * LOW HITPOINT WARNING * * *
Something shocks you.
* * * LOW HITPOINT WARNING * * *
You closely miss something.
You recover from your berserk rage.
A sky beast appears from thin air!
Reactivating autopickup.
The sky beast hits you.
You die...

+ ##....####....... #
#.#..........# #
#...........##
###+###.........###
.....(.........##
>...............##
#..#.##.......$..#
..##....†#.##..Y.#
####..#.##..#...@#########
####.#..###.###..........#
#..<...## #....##))......#
)..##### ####. #).).....#
...# .. #))......# ...#
#.......!......# ...#
...............# ...#
...............# ...#
...............#


You could see a sky beast.

Vanquished Creatures
  Pikel (D:5)
  A sky beast (D:7)
  An orc warrior (D:6)
  An ogre (D:5)
  2 bullfrogs
  5 scorpions
  4 wights (D:7)
  A howler monkey (D:6)
  A crimson imp (D:7)
  2 quasits
  2 jellies
  A centaur skeleton (D:6)
  6 orc priests
  6 hounds
  10 orc wizards
  4 iguanas
  Ijyb (D:3)
  11 worker ants
  8 adders
  2 adder skeletons
  A dart slug (D:5)
  4 leopard geckos
  27 orcs
  10 giant cockroaches
  5 hobgoblins
  11 jackals
  8 kobolds
  6 quokkas
  A ball python (D:5)
  6 bats
  3 frilled lizards
  13 goblins
  A jackal skeleton (D:4)
  A leopard gecko skeleton (D:4)
  A leopard gecko zombie (D:5)
  6 rats
  A butterfly (D:5)
175 creatures vanquished.

Vanquished Creatures (others)
  3 slaves (D:5)
  An ice beast (D:5)
4 creatures vanquished.

Grand Total: 179 creatures vanquished

Notes
Turn   | Place    | Note
-------+----------+-------------------------------------------
     0 | D:1      | Zhenya24pyc the Minotaur Berserker began the quest for the Orb.
     0 | D:1      | Reached XP level 1. HP: 19/19 MP: 0/0
   198 | D:1      | Reached skill level 4 in Axes
   330 | D:1      | Reached XP level 2. HP: 21/26 MP: 1/1
  1405 | D:2      | Reached skill level 5 in Axes
  1482 | D:2      | Reached ** piety under Trog
  1482 | D:2      | Reached XP level 3. HP: 31/31 MP: 2/2
  1824 | D:2      | Found a bloodstained altar of Trog.
  2029 | D:3      | Noticed Ijyb
  2040 | D:3      | Killed Ijyb
  2040 | D:3      | Reached skill level 6 in Axes
  2040 | D:3      | Reached XP level 4. HP: 38/39 MP: 3/3
  2246 | D:3      | Found a blossoming altar of Fedhas.
  2665 | D:4      | Reached XP level 5. HP: 39/45 MP: 4/4
  2725 | D:4      | Reached skill level 7 in Axes
  3193 | D:4      | Reached skill level 8 in Axes
  3340 | D:4      | Reached XP level 6. HP: 33/51 MP: 5/5
  3668 | D:5      | Entered Level 5 of the Dungeon
  3675 | D:5      | Reached *** piety under Trog
  3726 | D:5      | Reached skill level 9 in Axes
  3733 | D:5      | Found a staircase to the Ecumenical Temple.
  3779 | D:5      | Noticed a hand axe
  3780 | D:5      | Noticed a dagger
  3785 | D:5      | Found a hide-covered altar of Uskayaw.
  3785 | D:5      | Noticed Pikel
  3785 | D:5      | Noticed a slave
  3785 | D:5      | Noticed a slave
  3785 | D:5      | Noticed a slave
  3788 | D:5      | Noticed a slave
  3794 | D:5      | Killed Pikel
  3794 | D:5      | Reached skill level 10 in Axes
  3794 | D:5      | Reached XP level 7. HP: 30/57 MP: 6/6
  3802 | D:5      | Reached skill level 11 in Axes
  3949 | D:5      | Found a runed door.
  3961 | D:5      | Found a runed door.
  4160 | D:5      | Reached XP level 8. HP: 64/64 MP: 7/7
  4491 | D:5      | Reached skill level 12 in Axes
  4630 | D:6      | Reached **** piety under Trog
  4721 | D:6      | Reached skill level 13 in Axes
  5187 | D:6      | Found Joaceim's Jewellery Emporium.
  5736 | D:7      | Found Fittun's Armour Boutique.
  5737 | D:7      | Found a glowing silver altar of Zin.
  5752 | D:7      | Reached XP level 9. HP: 57/70 MP: 8/8
  5781 | D:7      | Reached skill level 14 in Axes
  5790 | D:7      | Found a shadowy altar of Dithmenos.
  5821 | D:7      | Reached ***** piety under Trog
  5953 | D:7      | HP: 1/70 [something (6)]
  5954 | D:7      | Slain by a sky beast

Skill      XL: |  1  2  3  4  5  6  7  8  9 |
---------------+----------------------------+-----
Axes           | 4 5 6 8 10 11 13 14 | 14.8
Fighting       | |  3.6
Armour         | |  2.4
Dodging        | |  2.1

Action                   |  1- 3 |  4- 6 |  7- 9 || total
-------------------------+-------+-------+-------++-------
Melee: Hand axe          |    80 |   112 |   106 ||   298
       Headbutt          |     9 |    15 |    53 ||    77
       War axe           |       |       |   137 ||   137
Invok: Berserk           |       |     2 |     4 ||     6
 Stab: Distracted        |     1 |       |       ||     1
  Eat: Chunk             |     4 |    14 |    12 ||    30
Armor: Animal skin       |     2 |       |       ||     2
       Scale mail        |    34 |    50 |    89 ||   173
Dodge: Dodged            |    51 |    53 |   110 ||   214
